 Dungeon Crawl Stone Soup version bcrawl-1.17.3 (webtiles) character file.

Game seed: 17183422168313068900

1602 Gumption the Basher (level 8, 0/105 HPs)
             Began as a Sand Dwarf Archaeologist on Oct 19, 2019.
             Was a Follower of Cheibriados.
             Succumbed to an orc warrior's poison
             ... on level 7 of the Dungeon.
             The game lasted 01:05:15 (8136 turns).

Gumption the Basher (Sand Dwarf Archaeologist)      Turns: 8136, Time: 01:05:15

Health: 0/105      AC: 31    Str: 20    XL:     8   Next: 94%
Magic:  9/10       EV:  3    Int: 17    God:    Cheibriados [*.....]
Gold:   307        SH:  0    Dex: 11    Spells: 7/7 levels left

rFire    . . .     SeeInvis .   a - +0 mace (protect)
rCold    . . .     Gourm    .   (shield restricted)
rNeg     + + +     Faith    .   (armour currently unavailable)
rPois    +         Spirit   .   (helmet currently unavailable)
rElec    .         Reflect  .   (cloak currently unavailable)
rCorr    +         Harm     .   (gloves currently unavailable)
MR       +....     NoTele   +   (boots currently unavailable)
Stlth    ++........             (no amulet)
HPRegen  0.27/turn              i - ring of resist corrosion
MPRegen  0.12/turn              B - ring of flight

@: lethally poisoned (0 -> -13), tree-form, protection aura, very slow
A: small
a: Bend Time, Renounce Religion


You were on level 7 of the Dungeon.
You worshipped Cheibriados.
Cheibriados was aware of your devotion.
You were not hungry.
You were a tree.
You visited 2 branches of the dungeon, and saw 8 of its levels.

You collected 368 gold pieces.
You spent 61 gold pieces at shops.

Inventory:

Hand Weapons
 a - a +0 mace of protection (weapon)
 b - a +0 shortbow
Missiles
 g - 624 arrows
 t - 93 bolts
 x - 13 curare-tipped needles
 y - 1002 stones (quivered)
 A - 2 throwing nets {!f}
Armour
 d - a +2 pair of boots (melded)
 f - the +3 crown of Dyrovepreva (melded) {rElec Int+2 SInv}

   It affects your intelligence (+2).
   It insulates you from electricity.
   It lets you see invisible.
 s - a +0 chain mail (melded)
 u - a +0 cloak (melded)
Jewellery
 i - a ring of resist corrosion (left branch)
 k - an uncursed amulet of guardian spirit {unknown}
 B - a ring of flight (right branch)
Wands
 r - a wand of random effects (9)
 D - a wand of enslavement (1)
Scrolls
 m - 3 scrolls of remove curse
 n - a scroll of immolation {unknown}
 p - 5 scrolls of teleportation
 w - a scroll of enchant armour
Potions
 c - a potion of agility
 h - 3 potions of brilliance
 j - a potion of heal wounds
 l - 2 potions of lignification
 o - a potion of invisibility {unknown}
 q - 2 potions of mutation
 v - a potion of curing {unknown}
 z - a potion of flight {unknown}
Comestibles
 e - 11 rations {!d}


   Skills:
 + Level 5.8 Fighting
 * Level 9.8 Maces & Flails
 + Level 9.1 Armour
 - Level 2.4 Dodging
 - Level 2.4 Stealth
 + Level 2.2 Invocations
 + Level 3.2 Evocations


You had 7 spell levels left.
You didn't know any spells.
Your spell library was empty.

Dungeon Overview and Level Annotations

Branches:
Dungeon (7/12)             Temple (1/1) D:5
   Lair: D:7-9

Altars:
Ashenzari
Cheibriados
Dithmenos
Elyvilon
Hepliaklqana
Kikubaaqudgha
Lugonu
Makhleb
Nemelex Xobeh
Okawaru
Qazlal
Ru
Trog
Vehumet
Wu Jian
Xom
Yredelemnul
Zin

Shops:
D:4 (

Annotations:
D:2 1 runed door
D:3 1 transporter, Gumption's ghost, amateur AvWz


Innate Abilities, Weirdness & Mutations

You are small and have problems with some larger weapons.
((You cover ground slowly.))
((Armour does not affect your spellcasting.))


Message History

The orc warrior is moderately wounded.
You feel sick.
The orc warrior hits you with a +1 battleaxe of venom!
* * * LOW HITPOINT WARNING * * *
The orc hits you but does no damage.
You sock the orc warrior!
The orc warrior is heavily wounded.
* * * LOW HITPOINT WARNING * * *
You feel sick.
The orc warrior hits you but does no damage.
The orc hits you but does no damage.
You hit the orc warrior.
The orc warrior is severely wounded.
* * * LOW HITPOINT WARNING * * *
You feel sick. The orc hits you but does no damage.
The orc warrior hits you with a +1 battleaxe of venom.
* * * LOW HITPOINT WARNING * * *
You hit the orc warrior but do no damage.
The orc warrior is severely wounded.
You die...

############.##########.#########
.................................
############.##########.########
.# #.# #.##### .# #.# #....)#####
.# ### ### ####..)..'...# ...
#.###8###8##.....###.# ####
#..o).......###.###.# .
#..o♣......<###.##..# #
#..########..##.##... #8..
#.........##.## ##..
#.####..####.# ###


#oo #..........).## ..# #.. #.._.##.###..+. ..# 8.. #+...........## ..###### #o.
.......#..###.# .......# +.......+......## You could see an orc warrior and an
orc.

Vanquished Creatures
  A hippogriff (D:6)
  An ice beast (D:5)
  2 ogres
  2 centaurs (D:6)
  2 bullfrogs (D:6)
  2 howler monkeys
  3 crimson imps
  2 bullfrog zombies
  A hound (D:5)
  A jelly (D:5)
  A bullfrog skeleton (D:5)
  An orc priest (D:7)
  An orc wizard (D:4)
  Jessica (D:2)
  2 iguanas
  3 worker ants
  A hound zombie (D:7)
  A howler monkey zombie (D:6)
  6 adders
  A shadow imp (D:4)
  An ooze (D:1)
  2 worms
  2 dart slugs
  3 leopard geckos
  17 orcs
  3 giant cockroaches
  3 goblins
  3 hobgoblins
  2 jackals (D:3)
  5 quokkas
  A ball python (D:3)
  5 bats
  4 frilled lizards
  A jackal zombie (D:5)
  10 kobolds
  2 rats
99 creatures vanquished.

Vanquished Creatures (collateral kills)
  Joseph (D:7)
1 creature vanquished.

Grand Total: 100 creatures vanquished

Notes
Turn   | Place    | Note
-------+----------+-------------------------------------------
     0 | D:1      | Gumption the Sand Dwarf Archaeologist began the quest for
                  | the Orb.
     0 | D:1      | Reached XP level 1. HP: 16/16 MP: 1/1
   237 | D:1      | Reached XP level 2. HP: 23/24 MP: 2/2
   815 | D:1      | Reached XP level 3. HP: 27/29 MP: 3/3
  1323 | D:2      | Reached skill level 1 in Armour
  1559 | D:2      | Noticed Jessica
  1578 | D:2      | Killed Jessica
  1578 | D:2      | Reached XP level 4. HP: 37/37 MP: 4/4
  1919 | D:2      | Found a runed door.
  3061 | D:3      | Noticed an ogre
  3061 | D:3      | Noticed Gumption's ghost (amateur AvWz)
  3062 | D:3      | Noticed an ogre
  3163 | D:3      | Reached XP level 5. HP: 24/44 MP: 5/5
  3329 | D:3      | Found a sparkling altar of Nemelex Xobeh.
  3344 | D:3      | Reached skill level 5 in Maces & Flails
  3816 | D:3      | Found a transporter.
  4040 | D:4      | Reached skill level 5 in Armour
  4040 | D:4      | Reached XP level 6. HP: 25/51 MP: 6/6
  4402 | D:4      | Found Guzyrr's Weapon Boutique.
  4418 | D:4      | Bought a +0 mace of protection for 61 gold pieces
  4751 | D:4      | Found a glowing silver altar of Zin.
  5068 | D:5      | Entered Level 5 of the Dungeon
  5615 | D:5      | Reached XP level 7. HP: 59/59 MP: 7/7
  5920 | D:5      | Found a staircase to the Ecumenical Temple.
  5946 | Temple   | Entered the Ecumenical Temple
  6123 | Temple   | Became a worshipper of Cheibriados the Contemplative
  6595 | D:6      | Noticed a hippogriff
  6629 | D:6      | Killed a hippogriff
  6629 | D:6      | Reached skill level 1 in Evocations
  6629 | D:6      | Reached XP level 8. HP: 17/67 MP: 5/8
  7000 | D:6      | Reached skill level 5 in Fighting
  7000 | D:6      | Reached skill level 1 in Invocations
  7323 | D:6      | Found an iron altar of Okawaru.
  7532 | D:6      | Found a radiant altar of Vehumet.
  7640 | D:7      | Found a bloodstained altar of Trog.
  7667 | D:7      | Found a white marble altar of Elyvilon.
  7993 | D:7      | Noticed Joseph
  7999 | D:7      | Noticed a wyvern
  8009 | D:7      | Killed Joseph
  8009 | D:7      | Reached * piety under Cheibriados
  8135 | D:7      | HP: 5/105 [poisoned by an orc warrior]
  8135 | D:7      | HP: 1/105 [orc warrior/+1 battleaxe of venom (4)]
  8136 | D:7      | Succumbed to an orc warrior's poison

Skill      XL: |  1  2  3  4  5  6  7  8 |
---------------+-------------------------+-----
Maces & Flails | 2 3 4 5 6 8 9 |  9.8
Fighting       | 2 3 4 5 |  5.8
Armour         | 2 3 5 6 8 9 |  9.1
Evocations     | 1 3 |  3.2
Invocations    | 2 |  2.2
Dodging        | |  2.4
Stealth        | |  2.4

Action                   |  1- 3 |  4- 6 |  7- 9 || total
-------------------------+-------+-------+-------++-------
Melee: Whip              |   125 |   111 |       ||   236
       Mace              |       |   274 |   232 ||   506
 Fire: Shortbow          |       |       |     6 ||     6
Throw: Stone             |     4 |    98 |    22 ||   124
Invok: Bend Time         |       |       |     4 ||     4
Evoke: Wand              |       |       |     4 ||     4
  Use: Scroll            |     2 |     3 |     8 ||    13
       Potion            |     1 |       |     1 ||     2
  Eat: Chunk             |     3 |     8 |     4 ||    15
       Ration            |       |     2 |     2 ||     4
Armor: Robe              |     1 |       |       ||     1
       Ring mail         |    25 |   117 |    23 ||   165
       Chain mail        |       |       |   133 ||   133
       Skin              |       |       |     8 ||     8
Dodge: Dodged            |    75 |   214 |   117 ||   406
